 Dungeon Crawl Stone Soup version 0.31.0-11-ge490571c62 (webtiles) character file.

Game seed: 11665039153904622594

119 qw the Skirmisher (level 4, -22/25 HPs)
             Began as a Deep Elf Hunter on Feb 4, 2024.
             Annihilated by an ogre
             ... wielding a +0 giant club
              (29 damage)
             ... on level 3 of the Dungeon.
             The game lasted 00:00:40 (1990 turns).

qw the Skirmisher (Deep Elf Hunter)                 Turns: 1990, Time: 00:00:41

Health: -22/25     AC:  5    Str: 10    XL:     4   Next: 73%
Magic:  6/6        EV: 11    Int: 14    God:
Gold:   105        SH:  0    Dex: 18    Spells: 3/3 levels left

rFire   . . .        a - +1 shortbow
rCold   + . .        (shield currently unavailable)
rNeg    . . .        g - +0 ring mail
rPois   .            (no helmet)
rElec   .            (no cloak)
rCorr   .            (no gloves)
SInv    .            (no boots)
Will    .....        (no amulet)
Stlth   +            d - ring of protection from cold
HPRegen 0.24/turn    (no ring)
MPRegen 0.10/turn

%: no passive effects
@: no status effects
A: no striking features
a: no special abilities


You were on level 3 of the Dungeon.
You visited 1 branch of the dungeon, and saw 3 of its levels.

You collected 105 gold pieces.


   Skills:
 - Level 1.5 Fighting
 + Level 8.1 Ranged Weapons
 - Level 2.4 Dodging
 - Level 1.2 Stealth


You had 3 spell levels left.
You didn't know any spells.
Your spell library was empty.

Inventory:

Hand Weapons
 a - a +1 shortbow (weapon)
Armour
 g - a +0 ring mail (worn)
Jewellery
 b - an amulet of faith
 d - a ring of protection from cold (left hand)
Scrolls
 c - a scroll of teleportation
Potions
 h - 2 potions of enlightenment
 i - 3 potions of curing

Dungeon Overview and Level Annotations

Branches:
Dungeon (3/15)

Altars:
Wu Jian

Annotations:
D:3 2 transporters


Message History

You see here a +0 short sword of freezing.
You now have 96 gold pieces (gained 9).
Found a stone staircase leading down.
There is a stone staircase leading down here.
You now have 105 gold pieces (gained 9).
You open the door.
An adder comes into view.
Enter note:
Enter note: You shoot an arrow.
The arrow hits the adder.
The adder hisses angrily.
The adder is lightly wounded.
You shoot an arrow. The arrow completely misses the adder.
You shoot an arrow. The arrow barely misses the adder.
You shoot an arrow. The arrow hits the adder.
The adder is severely wounded.
The adder bites you but does no damage.
You shoot an arrow. The arrow hits the adder.
You kill the adder!
There is an open door, spattered with blood here.
You see here an adder corpse.
b - an amulet of faith An ogre comes into view.
It is wielding a +0 giant club.
You shoot an arrow. The arrow hits the ogre.
The ogre shouts!
The ogre is lightly wounded.
You hear a shout!
The ogre hits you but does no damage.
You shoot an arrow.
The arrow hits the ogre but does no damage.
The ogre is lightly wounded.
You shoot an arrow. The arrow hits the ogre.
The ogre is lightly wounded.
The ogre hits you with a +0 giant club!!
Ouch! That really hurt!
You shoot an arrow. The arrow hits the ogre.
The ogre is lightly wounded.
The ogre hits you with a +0 giant club!!
Ouch! That really hurt!
You die...

..#######
..# ..
......O.#
..## .# #@#
... .#
#.#######
..###.##
#.......#
........
#######.#
.....###
####.##
.......#
#.....#
.......#
#.#####
#.##...# #.#
#+###%######
#.#


You could see an ogre.

Vanquished Creatures
  Natasha (D:3)
  5 adders
  A dart slug (D:1)
  3 ribbon worms
  7 ball pythons
  2 bats (D:3)
  4 endoplasms
  2 giant cockroaches
  3 hobgoblins (D:1)
  2 quokkas
  3 frilled lizards (D:1)
  5 goblins
  3 kobolds (D:1)
  3 rats
44 creatures vanquished.

Notes
Turn   | Place    | Note
-------+----------+-------------------------------------------
     0 | D:1      | qw the Deep Elf Hunter began the quest for the Orb.
     0 | D:1      | Reached XP level 1. HP: 12/12 MP: 3/3
     0 | D:1      | 0 ||| qw: Version: 0.3-a-160-g6735b56
     0 | D:1      | 0 ||| qw: Game counter: 5801
     0 | D:1      | 0 ||| qw: Melee chars always use a shield: true
     0 | D:1      | 0 ||| qw: God list: Okawaru
     0 | D:1      | 0 ||| qw: Allow faded altars: false
     0 | D:1      | 0 ||| qw: Do Orc after clearing Dungeon:15 true
     0 | D:1      | 0 ||| qw: Do second Lair branch before Depths: true
     0 | D:1      | 0 ||| qw: Lair rune preference: random
     0 | D:1      | 0 ||| qw: Goals: Normal
     0 | D:1      | 0 ||| PLANNING D:1-11
   164 | D:1      | Reached XP level 2. HP: 16/16 MP: 4/4
   196 | D:1      | Reached skill level 6 in Ranged Weapons
   888 | D:1      | 888 ||| UPGRADING to +0 ring mail.
   898 | D:1      | 898 ||| DROPPING +0 leather armour.
   899 | D:1      | 899 ||| UPGRADING to ring of protection from cold.
   900 | D:1      | 900 ||| READING 3 scrolls labelled JIFFYU LAMUICH.
   900 | D:1      | 900 ||| IDENTIFYING lumpy yellow potion
   901 | D:1      | 901 ||| READING 2 scrolls of identify.
   901 | D:1      | 901 ||| IDENTIFYING 2 bubbling purple potions
   902 | D:1      | 902 ||| READING scroll of identify.
   902 | D:1      | 902 ||| IDENTIFYING scroll labelled AHIUNOUWAT
   903 | D:1      | 903 ||| DROPPING scroll of butterflies.
   904 | D:1      | 904 ||| DROPPING scroll of blinking.
  1057 | D:2      | Reached XP level 3. HP: 20/20 MP: 5/5
  1139 | D:2      | 1139 ||| READING scroll labelled APIMAUSUOKK.
  1291 | D:2      | HP: 5/20 [ribbon worm (2)]
  1293 | D:2      | Reached skill level 7 in Ranged Weapons
  1357 | D:2      | 1357 ||| READING scroll labelled BAEMMIKHLEST.
  1523 | D:3      | Found an ornate altar of the Wu Jian Council.
  1595 | D:3      | Reached XP level 4. HP: 20/25 MP: 6/6
  1622 | D:3      | Noticed Natasha
  1624 | D:3      | Killed Natasha
  1647 | D:3      | Found a transporter.
  1647 | D:3      | Found a transporter.
  1689 | D:3      | 1689 ||| READING scroll labelled ENIEPO DOMINU.
  1689 | D:3      | 1689 ||| ENCHANTING +0 shortbow.
  1709 | D:3      | Reached skill level 8 in Ranged Weapons
  1986 | D:3      | Noticed an ogre
  1990 | D:3      | Annihilated by an ogre

Levels and vault maps discovered:
D:1:      dpeg_arrival_chambers_temple_mockup, layout_basic
D:2:      layout_basic, serial_corexii_hall, chequers_hall_statues_y,
          corexii_hall_statues_i
D:3:      gammafunk_wand_slinger, layout_basic, overflow_temple_1_default,
          minmay_statues_item, minmay_misc_feat_roman, uniq_natasha

Skill      XL: |  1  2  3  4 |
---------------+-------------+-----
Ranged Weapons | 6 7 8 |  8.1
Fighting       | |  1.5
Dodging        | |  2.4
Stealth        | |  1.2

Action                     |  1- 3 |  4- 6 || total
---------------------------+-------+-------++-------
   Fire: Shortbow          |   105 |    42 ||   147
    Use: Scroll            |     5 |     1 ||     6
 Armour: Ring mail         |    21 |    13 ||    34
  Dodge: Dodged            |    21 |    13 ||    34

Table legend:
 A = Non-vault XP
 B = Vault XP
 C = Vault XP percentage of total XP
 D = Non-vault monster count
 E = Vault monster count
 F = Vault count percentage of total count
                 A         B        C        D         E       F
            +---------+---------+-------+---------+---------+-------
      Total |     135 |      35 |  20.6 |      43 |       1 |   2.3
            +---------+---------+-------+---------+---------+-------
        D:1 |      38 |       0 |   0.0 |      23 |       0 |   0.0
        D:2 |      27 |       0 |   0.0 |       7 |       0 |   0.0
        D:3 |      70 |      35 |  33.3 |      13 |       1 |   7.1
            +---------+---------+-------+---------+---------+-------
